[Event "Team 45 45 League T70"]
[Site "Internet Chess Club"]
[Date "2016.10.08"]
[Round "5"]
[White "Bible-Believer"]
[Black "BrerRabbit"]
[Result "0-1"]
[WhiteElo "1423"]
[BlackElo "1422"]
[Opening "Pirc: Ufimtsev-Pytel variation"]
[ECO "B07"]
[Time "19:04:13"]
[TimeControl "2700+45"]

1. e4 d6 2. d4 Nf6 3. Nc3 c6 4. f4 Qa5 5. e5 Ne4 6. Qf3 f5 7. Bd3 d5 8. Ne2 h5
9. a3 e6 10. Bxe4 dxe4 11. Qg3 Kf7 12. Bd2 Qd8 13. O-O Be7 14. Nxe4 fxe4 15. Rf2
Bh4 16. Qe3 Bxf2+ 17. Qxf2 Na6 18. Rf1 g6 19. Ng3 Qh4 20. Qe3 Nc7 21. c4 Bd7 22.
Nxe4 Kg7 23. Rf3 Raf8 24. Rh3 Qe7 25. Bb4 Qd8 26. Bxf8+ Rxf8 27. Qg3 Ne8 28.
Rxh5 Rf5 29. Ng5 Kg8 30. Nxe6 Bxe6 31. Qxg6+ Ng7 32. Rh7 Qxd4+ {White resigns}
0-1

[Event "Team 45 45 League T70"]
[Site "Internet Chess Club"]
[Date "2016.10.11"]
[Round "5"]
[White "artspir"]
[Black "kingsrook"]
[Result "0-1"]
[WhiteElo "1137"]
[BlackElo "1274"]
[Opening "Queen's pawn game"]
[ECO "D02"]
[Time "16:00:42"]
[TimeControl "2700+45"]

1. d4 d5 2. Nf3 e6 3. Bf4 c5 4. c3 Nc6 5. e3 a6 6. a4 Nf6 7. Nbd2 Be7 8. Bd3 c4
9. Bc2 O-O 10. O-O Bd6 11. Ne5 Qc7 12. Ndf3 h6 13. b3 Nh5 14. Bg3 Nxg3 15. hxg3
Nxe5 16. Nxe5 Bxe5 17. f4 Bf6 18. bxc4 Qxc4 19. Qd2 Bd7 20. Rfb1 Rab8 21. Rb4
Qc7 22. Qd3 g6 23. g4 Kg7 24. Kf2 a5 25. Rbb1 b6 26. Rh1 Qc4 27. g5 hxg5 28.
fxg5 Bxg5 29. e4 Qxd3 30. Bxd3 Rh8 31. Rhb1 Bc6 32. e5 Bd2 33. Ra3 Bg5 34. Kf3
Rhf8 35. Kg4 Be7 36. Rh1 Bxa3 {White resigns} 0-1

[Event "Team 45 45 League T70"]
[Site "Internet Chess Club"]
[Date "2016.10.09"]
[Round "5"]
[White "zap2"]
[Black "ascoli"]
[Result "1-0"]
[WhiteElo "1755"]
[BlackElo "1536"]
[Opening "French: King's Indian attack"]
[ECO "C00"]
[Time "05:12:41"]
[TimeControl "2700+45"]

1. e4 e6 2. d3 d5 3. Nd2 g6 4. Ngf3 Bg7 5. g3 c5 6. Bg2 Nc6 7. O-O Nge7 8. Re1
Qc7 9. c3 d4 10. c4 e5 11. Nh4 O-O 12. f4 exf4 13. gxf4 Qxf4 14. Ndf3 Qc7 15.
Bd2 Ne5 16. Nxe5 Qxe5 17. b4 b6 18. bxc5 bxc5 19. Rb1 Rb8 20. Qa4 Rxb1 21. Rxb1
Qh5 22. Nf3 Bh3 23. Ne1 Bxg2 24. Nxg2 Be5 25. Bf4 Bxf4 26. Nxf4 Qg5+ 27. Ng2 Nc8
28. Qd1 f5 29. exf5 Qxf5 30. Qe2 Nd6 31. Rf1 Qxf1+ 32. Qxf1 Rxf1+ 33. Kxf1 Kf7
34. Nf4 Kf6 35. Kf2 g5 36. Nd5+ Kf5 37. Ne7+ Kg4 38. Nc6 a6 39. Ne7 Kh3 40. Kg1
h5 41. Nd5 g4 42. Nf4+ Kh4 43. Ne6 Nb7 44. Kg2 a5 45. a4 g3 46. h3 Nd6 47. Nxc5
Nf5 48. Ne6 Ne3+ 49. Kg1 Kxh3 50. c5 g2 51. Nf4+ Kg4 52. c6 Nf5 53. c7 Ne7 54.
Ng6 Nc8 55. Kxg2 h4 56. Ne5+ Kf4 57. Nc4 h3+ 58. Kxh3 Kf5 59. Kg3 Ke6 60. Kf4
Kd7 61. Ke5 Kxc7 62. Nxa5 Nb6 63. Kxd4 Nxa4 64. Nc4 Kc6 65. Ne5+ Kd6 66. Nc4+
Kc6 67. Ke5 Nc3 68. d4 Nb5 69. d5+ Kc5 70. Nd2 Kb6 71. Ne4 Kc7 72. Nc5 Nd6 73.
Ke6 Nb5 74. Ke7 Kc8 75. Na6 Kb7 76. Nc5+ Kc8 77. Ne6 Kb7 78. Kd7 Kb6 79. Kc8
Nd6+ 80. Kd7 Nb5 81. Kd8 Nd6 82. Nc7 Kc5 83. Kd7 Nc4 84. Ke6 Kb6 85. Ne8 Kc5 86.
Nf6 Kb6 87. Ne4 Kb7 88. Nd6+ Nxd6 89. Kxd6 Kc8 90. Ke7 {Black resigns} 1-0

[Event "Team 45 45 League T70"]
[Site "Internet Chess Club"]
[Date "2016.10.09"]
[Round "5"]
[White "herrahuu"]
[Black "tuantuan"]
[Result "0-1"]
[WhiteElo "1440"]
[BlackElo "1414"]
[Opening "Scotch game"]
[ECO "C45"]
[Time "11:58:25"]
[TimeControl "2700+45"]

1. e4 e5 2. Nf3 Nc6 3. d4 exd4 4. Nxd4 Bc5 5. Be3 Qf6 6. c3 Nge7 7. Be2 Nxd4 8.
cxd4 Bb4+ 9. Nc3 O-O 10. O-O d6 11. a3 Ba5 12. b4 Bb6 13. a4 a5 14. b5 Bd7 15.
Qd2 h6 16. Rac1 Rac8 17. e5 Qg6 18. Bf3 Rb8 19. Rfe1 Rfd8 20. exd6 Qxd6 21. Ne4
Qg6 22. Nc5 Bxc5 23. Rxc5 c6 24. Qxa5 b6 25. Qc3 bxc5 26. dxc5 cxb5 27. Bxh6 Nc6
28. Bf4 Rb7 29. a5 Bg4 30. Be4 Bf5 31. Bf3 b4 32. Qa1 b3 33. Qa4 b2 34. Bxc6
b1=Q 35. Rxb1 Rxb1+ {White resigns} 0-1

[Event "Team 45 45 League T70"]
[Site "Internet Chess Club"]
[Date "2016.10.08"]
[Round "5"]
[White "bunny77"]
[Black "JRussell2"]
[Result "1-0"]
[WhiteElo "1278"]
[BlackElo "1356"]
[Opening "Ruy Lopez: Marshall counter-attack, 11...c6"]
[ECO "C89"]
[Time "17:00:20"]
[TimeControl "2700+45"]

1. e4 e5 2. Nf3 Nc6 3. Bb5 a6 4. Ba4 Nf6 5. O-O Be7 6. Re1 b5 7. Bb3 O-O 8. c3
d5 9. exd5 Nxd5 10. Nxe5 Nxe5 11. Rxe5 c6 12. Qe1 Bd6 13. Re2 Qh4 14. g3 Qh3 15.
Qf1 Qh5 16. d4 Bg4 17. Re1 Rfe8 18. Bd2 Kf8 19. Qd3 Rxe1+ 20. Bxe1 Re8 21. Nd2
Bf3 22. Qxf3 Qg6 23. Rc1 Re6 24. Bxd5 cxd5 25. Qxd5 Re2 26. Qf3 Re6 27. a3 Rf6
28. Qe4 Qh5 29. Qh4 Qe2 30. Qe4 Qh5 31. Qa8+ Ke7 32. Ne4 Rh6 33. Qb7+ Ke6 34. h4
f5 35. Ng5+ Kf6 36. Qxa6 Ke7 37. Qxb5 Bxg3 38. fxg3 Qg4 39. Qe5+ Kd7 40. Qxg7+
{Black resigns} 1-0

[Event "Team 45 45 League T70"]
[Site "Internet Chess Club"]
[Date "2016.10.09"]
[Round "5"]
[White "viktory"]
[Black "Hal2001"]
[Result "1-0"]
[WhiteElo "1662"]
[BlackElo "1561"]
[Opening "Benoni defense"]
[ECO "A61"]
[Time "22:01:07"]
[TimeControl "2700+45"]

1. d4 Nf6 2. c4 c5 3. d5 e6 4. Nc3 exd5 5. cxd5 d6 6. Nf3 g6 7. Bf4 a6 8. a4 Bg7
9. e3 O-O 10. Be2 Re8 11. h3 Qe7 12. O-O Bf5 13. Nd2 Nbd7 14. Nc4 Ne5 15. Bxe5
dxe5 16. Bf3 e4 17. Be2 Red8 18. Qb3 Rab8 19. Nb6 Qd6 20. a5 Bd7 21. Rfd1 Re8
22. Rac1 Qc7 23. Bc4 Qd6 24. Be2 Bc8 25. Nca4 Nd7 26. Nxd7 Bxd7 27. Nxc5 Bc8 28.
Rc2 b6 29. Qa4 b5 30. Qb4 Re5 31. Nd3 Rxd5 32. Qxd6 Rxd6 33. Nc5 Rxd1+ 34. Bxd1
Bb7 35. Rd2 Bf8 36. b4 Bxc5 37. bxc5 Bc6 38. Rd6 Rc8 39. Bb3 Kf8 40. Rf6 Be8 41.
Rxa6 Rxc5 42. Rb6 Rc1+ 43. Kh2 Ra1 44. a6 Ra3 45. Bd5 f5 46. Kg3 g5 47. h4 f4+
48. Kg4 fxe3 49. fxe3 gxh4 50. Kxh4 Ra5 51. Bb7 Ra4 52. Kg3 b4 53. Bxe4 b3 54.
Rxb3 Rxa6 55. Bxh7 Ra7 56. Be4 Rg7+ 57. Kf4 Bf7 58. Rb7 {Black resigns} 1-0

[Event "Team 45 45 League T70"]
[Site "Internet Chess Club"]
[Date "2016.10.17"]
[Round "5"]
[White "mongmong"]
[Black "EFXBT"]
[Result "0-1"]
[WhiteElo "1507"]
[BlackElo "1509"]
[Opening "Queen's pawn game, Chigorin variation"]
[ECO "D02"]
[Time "20:31:16"]
[TimeControl "2700+45"]

1. d4 d5 2. Nf3 Nc6 3. g3 Nf6 4. Bg2 Bf5 5. c3 e6 6. O-O Be7 7. b4 a6 8. Nbd2
O-O 9. Bb2 b6 10. Qa4 b5 11. Qd1 a5 12. a3 axb4 13. axb4 Ne4 14. Nb3 Na7 15. Ne5
Bf6 16. Nd3 Qb8 17. Ndc5 Rd8 18. Nxe4 Bxe4 19. Bxe4 dxe4 20. e3 Be7 21. Na5 Qb6
22. Qc2 f5 23. Nb3 Rdb8 24. f3 exf3 25. Rxf3 g6 26. Rff1 Nc8 27. e4 Nd6 28. exf5
Nxf5 29. Qd3 Rf8 30. Na5 e5 31. Rae1 exd4 32. cxd4 Bxb4 33. Re5 Bxa5 34. Rxb5
Qd6 35. Qc4+ Rf7 36. g4 Nh6 37. g5 Nf5 38. Rd5 Qa6 39. Qb3 Re8 40. Rdxf5 gxf5
41. Rxf5 Qg6 42. Rxa5 Re1+ 43. Kg2 Qe4+ 44. Kg3 Rg1+ 45. Kh3 Qg4# {White
checkmated} 0-1

[Event "Team 45 45 League T70"]
[Site "Internet Chess Club"]
[Date "2016.10.09"]
[Round "5"]
[White "mattwang"]
[Black "smsxman"]
[Result "1/2-1/2"]
[WhiteElo "1304"]
[BlackElo "1412"]
[Opening "Ruy Lopez: old Steinitz defense"]
[ECO "C62"]
[Time "12:30:24"]
[TimeControl "2700+45"]

1. e4 e5 2. Nf3 Nc6 3. Bb5 d6 4. d4 exd4 5. Nxd4 Bd7 6. Nc3 Nf6 7. O-O Be7 8.
Re1 O-O 9. Be3 a6 10. Ba4 Nxd4 11. Bxd4 Bxa4 12. Nxa4 c5 13. Be3 b5 14. Nc3 Re8
15. a3 Qc8 16. Nd5 Nxd5 17. Qxd5 Qe6 18. Qxe6 fxe6 19. b4 h6 20. e5 cxb4 21.
axb4 dxe5 22. Bc5 Bf6 23. Bd6 e4 24. Rad1 Rad8 25. Rxe4 Be7 26. Red4 Bf6 27.
R4d3 e5 28. Bc7 Rc8 29. Rd7 Re6 30. Bd6 Rxc2 31. h3 e4 32. Bc5 a5 33. Rb1 Rc4
34. Rb7 axb4 35. Bxb4 Re5 36. Bd6 Rd5 37. Rb8+ Kh7 38. Bf8 Rcd4 39. R8xb5 Rxb5
40. Rxb5 Rd8 41. Bc5 Rd5 42. Ra5 Be5 43. g3 Bd4 44. Bb4 Rd7 45. Rf5 e3 46. fxe3
Bxe3+ 47. Kg2 Rd1 48. Rf1 Rd5 49. Rf3 Bg5 50. h4 Bf6 51. Bc3 Bxc3 52. Rxc3 h5
53. Kf3 Rf5+ 54. Ke4 Rf1 55. Rf3 Re1+ 56. Re3 Rb1 57. Kf5 Rf1+ 58. Kg5 Rf7 59.
Kxh5 g6+ 60. Kg4 Kh6 61. Re5 Rf1 62. h5 Rf6 63. Kh4 Rf5 64. Re6 Rxh5+ 65. Kg4
Rg5+ 66. Kf3 Rf5+ 67. Kg4 Rg5+ 68. Kf3 Rf5+ 69. Kg4 Rg5+ 70. Kf3 {Game drawn by
repetition} 1/2-1/2

[Event "Team 45 45 League T70"]
[Site "Internet Chess Club"]
[Date "2016.10.10"]
[Round "5"]
[White "dabodhi"]
[Black "KnightmanAJ"]
[Result "0-1"]
[WhiteElo "1329"]
[BlackElo "1288"]
[Opening "Scotch gambit: Dubois-Réti defense"]
[ECO "C55"]
[Time "20:00:30"]
[TimeControl "2700+45"]

1. e4 e5 2. Nf3 Nc6 3. d4 exd4 4. Bc4 Nf6 5. e5 Ng4 6. Qe2 Qe7 7. Bf4 f6 8. exf6
Qxe2+ 9. Bxe2 Nxf6 10. Nbd2 d6 11. Nb3 d3 12. cxd3 Bd7 13. Ng5 h6 14. Nf3 g5 15.
Bd2 Bg7 16. Bc3 O-O-O 17. O-O Bg4 18. Nbd4 Nxd4 19. Bxd4 h5 20. h3 Bxf3 21. Bxf3
Rh6 22. Bxa7 g4 23. hxg4 hxg4 24. Be4 Nxe4 25. dxe4 b6 26. Rac1 Rdh8 27. Bxb6
Rh1# {White checkmated} 0-1

[Event "Team 45 45 League T70"]
[Site "Internet Chess Club"]
[Date "2016.10.10"]
[Round "5"]
[White "Capt-Morgan"]
[Black "cityprosecutor"]
[Result "1-0"]
[WhiteElo "1867"]
[BlackElo "1757"]
[Opening "Old Indian: Tartakower (Wade) variation"]
[ECO "A41"]
[Time "16:00:32"]
[TimeControl "2700+45"]

1. d4 d6 2. Nf3 Bg4 3. Nbd2 Nf6 4. h3 Bh5 5. b3 Nbd7 6. Bb2 e6 7. c4 c5 8. e3
Qc7 9. Qc1 Be7 10. Bd3 d5 11. Ne5 Nxe5 12. dxe5 Nd7 13. Qc3 dxc4 14. Nxc4 f6 15.
g4 Bf7 16. O-O-O b5 17. Nd6+ Bxd6 18. exd6 Qb6 19. Qc2 h6 20. Kb1 a5 21. Bg6 a4
22. f4 axb3 23. axb3 Qa7 24. Qe4 c4 {Black resigns} 1-0

[Event "Team 45 45 League T70"]
[Site "Internet Chess Club"]
[Date "2016.10.11"]
[Round "5"]
[White "Hal2001"]
[Black "RD1974"]
[Result "0-1"]
[WhiteElo "1550"]
[BlackElo "1674"]
[Opening "Sicilian: closed"]
[ECO "B23"]
[Time "18:06:18"]
[TimeControl "2700+45"]

1. e4 c5 2. Nc3 e6 3. f4 a6 4. Nf3 Qc7 5. g3 b5 6. Bg2 Bb7 7. d3 Nf6 8. O-O d5
9. exd5 Nxd5 10. Qe1 Ne7 11. Qe5 Qc6 12. Nh4 Qb6 13. Be3 Nd7 14. Qg5 Ng6 15.
Nxg6 hxg6 16. Qg4 Nf6 17. Qe2 Rd8 18. Qf2 Ng4 19. Qe1 Bxg2 20. Kxg2 Rxh2+ 21.
Kg1 Qc6 {White resigns} 0-1

[Event "Team 45 45 League T70"]
[Site "Internet Chess Club"]
[Date "2016.10.09"]
[Round "5"]
[White "KidRattler"]
[Black "Constrictor"]
[Result "0-1"]
[WhiteElo "1578"]
[BlackElo "1580"]
[Opening "Caro-Kann: two knights, 3...Bg4"]
[ECO "B11"]
[Time "19:59:21"]
[TimeControl "2700+45"]

1. e4 c6 2. Nc3 d5 3. Nf3 Bg4 4. h3 Bxf3 5. Qxf3 e6 6. exd5 cxd5 7. Bb5+ Nc6 8.
d4 Bb4 9. O-O Qf6 10. Bxc6+ bxc6 11. Qd3 Ne7 12. a3 Bxc3 13. bxc3 O-O 14. f4 Qg6
15. g4 Qxd3 16. cxd3 Rab8 17. Ra2 Rfc8 18. Rff2 Rb3 19. Rfc2 Rcb8 20. Rab2 Rxb2
21. Rxb2 Rb6 22. Rxb6 axb6 23. Kf2 b5 24. Kf3 Kf8 25. h4 g6 26. Bb2 Ke8 27. Ke3
Kd7 28. Kd2 Kc7 29. c4 Kb6 30. Bc3 Ng8 31. g5 Ne7 32. c5+ Kb7 33. Ke2 Nf5 34. h5
Ng3+ 35. Kf3 Nxh5 36. Ba5 Ng7 37. Bd8 Nf5 38. Bf6 Ka6 39. Bd8 Nxd4+ 40. Kg4 Nc2
41. d4 Nxa3 42. f5 exf5+ 43. Kh4 b4 44. Ba5 b3 45. Kg3 Nc4 46. Bc3 b2 47. Bxb2
Nxb2 48. Kh4 Kb5 49. Kg3 Kc4 50. Kf4 Kxd4 51. Kf3 Kc3 52. Kg2 d4 53. Kh3 d3 54.
Kg3 d2 55. Kh4 d1=Q 56. Kg3 Qg4+ 57. Kf2 f4 58. Ke1 Nd3+ 59. Kf1 Qf3+ 60. Kg1
Qe2 61. Kh1 f3 62. Kg1 f2+ 63. Kh2 f1=Q+ 64. Kg3 Qff3+ 65. Kh4 Qee4# {White
checkmated} 0-1

[Event "Team 45 45 League T70"]
[Site "Internet Chess Club"]
[Date "2016.10.07"]
[Round "5"]
[White "Gilguli"]
[Black "noblitz-oblige"]
[Result "1-0"]
[WhiteElo "1439"]
[BlackElo "1482"]
[Opening "Vienna gambit"]
[ECO "C29"]
[Time "10:00:12"]
[TimeControl "2700+45"]

1. e4 e5 2. Nc3 Nf6 3. f4 d6 4. Bc4 Be7 5. fxe5 dxe5 6. Nf3 Bc5 7. d3 Nc6 8. Bg5
Qd6 9. Nb5 Qe7 10. Qd2 a6 11. Nc3 Qd6 12. O-O-O Ng4 13. Rde1 b5 14. Bd5 b4 15.
Nd1 Bd7 16. h3 Nf6 17. Rhf1 Rb8 18. Bxf6 gxf6 19. Qh6 Ne7 20. Bxf7+ Kd8 21. Bc4
Be8 22. g4 a5 23. Nh4 Ng6 24. Qg7 Rf8 25. Nxg6 Bxg6 26. Rf3 Qe7 27. Qxe7+ Kxe7
28. Ne3 Bxe3+ 29. Rexe3 Bf7 30. Bxf7 Rxf7 31. Rf5 c5 32. Ref3 Rc8 33. b3 Ra8 34.
g5 Raf8 35. gxf6+ Rxf6 36. Rxe5+ Kd6 37. Rd5+ Kc6 38. Rff5 Rxf5 39. Rxf5 Rxf5
40. exf5 Kd5 41. f6 Ke6 42. f7 Kxf7 43. Kd2 Ke6 44. Ke3 Kd5 45. h4 h5 46. Kf4
Kd4 47. Kg5 Kc3 48. Kxh5 Kxc2 49. Kg6 Kb2 50. h5 Kxa2 51. h6 Kxb3 52. h7 Kc3 53.
h8=Q+ Kxd3 54. Qh3+ Kc4 55. Qf1+ Kb3 56. Qd3+ Ka4 57. Qc4 {Black resigns} 1-0

[Event "Team 45 45 League T70"]
[Site "Internet Chess Club"]
[Date "2016.10.08"]
[Round "5"]
[White "Invicta-Knight"]
[Black "calsal"]
[Result "1-0"]
[WhiteElo "1705"]
[BlackElo "1765"]
[Opening "Scandinavian defense"]
[ECO "B01"]
[Time "10:06:52"]
[TimeControl "2700+45"]

1. e4 d5 2. exd5 Nf6 3. Bb5+ Nbd7 4. c4 a6 5. Ba4 b5 6. cxb5 Nxd5 7. Nc3 N5b6 8.
Qf3 Ne5 9. bxa6+ Bd7 10. Qe4 Rxa6 11. Bb3 Ng6 12. Nf3 e6 13. O-O Bd6 14. d4 c6
15. Bg5 Qb8 16. Rfe1 Ra5 17. Bd2 O-O 18. Rad1 Nd5 19. Ne5 Be8 20. Nxg6 Bxh2+ 21.
Kh1 hxg6 22. Nxd5 cxd5 23. Qh4 Bc7 24. Bxa5 Bxa5 25. Re3 Bd8 26. Qg4 f5 27. Qh3
Kf7 28. Kg1 Bg5 29. Rc3 Bb5 30. Qf3 Rh8 31. g3 Qg8 32. Bxd5 Qh7 33. Qg2 Kf6 34.
Rb3 Ba4 35. Re1 exd5 36. Rb6+ Kf7 37. Qxd5+ {Black resigns} 1-0

[Event "Team 45 45 League T70"]
[Site "Internet Chess Club"]
[Date "2016.10.08"]
[Round "5"]
[White "Yedixon"]
[Black "parrot9"]
[Result "1-0"]
[WhiteElo "1719"]
[BlackElo "1658"]
[Opening "Sicilian"]
[ECO "B50"]
[Time "13:08:20"]
[TimeControl "2700+45"]

1. e4 c5 2. Nf3 d6 3. c3 Nc6 4. Bb5 Bd7 5. O-O Nf6 6. Re1 e6 7. d4 d5 8. exd5
Nxd5 9. c4 Nf6 10. d5 Nb4 11. Bxd7+ Qxd7 12. a3 Na6 13. Ne5 Qd8 14. Qa4+ Nd7 15.
dxe6 fxe6 16. Nc3 Nc7 17. Bg5 Be7 18. Rad1 Bxg5 19. Rxd7 {Black resigns} 1-0

[Event "Team 45 45 League T70"]
[Site "Internet Chess Club"]
[Date "2016.10.06"]
[Round "5"]
[White "BrerRabbit"]
[Black "crazyhorses"]
[Result "1-0"]
[WhiteElo "1404"]
[BlackElo "1317"]
[Opening "Old Indian: Tartakower (Wade) variation"]
[ECO "A41"]
[Time "15:03:07"]
[TimeControl "2700+45"]

1. d4 d6 2. Nf3 Bg4 3. e4 Nf6 4. h3 Bh5 5. Nc3 c6 6. Bd3 e6 7. Qe2 Be7 8. g4 Bg6
9. Bf4 Nbd7 10. O-O-O Rc8 11. Rdg1 Nb6 12. h4 h6 13. h5 Bh7 14. g5 Nfd7 15. g6
Bg8 16. e5 Qc7 17. gxf7+ Bxf7 18. Rxg7 Nd5 19. Nxd5 cxd5 20. Bg6 Rf8 21. Bxf7+
Rxf7 22. Rxf7 Kxf7 23. Qd3 Rh8 24. Qg6+ {Black resigns} 1-0

[Event "Team 45 45 League T70"]
[Site "Internet Chess Club"]
[Date "2016.10.10"]
[Round "5"]
[White "andrew37"]
[Black "Zugzwanged"]
[Result "1-0"]
[WhiteElo "1768"]
[BlackElo "1676"]
[Opening "English: Nimzo-English opening"]
[ECO "A17"]
[Time "15:01:36"]
[TimeControl "2700+45"]

1. c4 Nf6 2. Nc3 e6 3. Nf3 Bb4 4. Qb3 c5 5. a3 Ba5 6. e3 Nc6 7. Be2 O-O 8. O-O
d5 9. cxd5 exd5 10. d4 cxd4 11. exd4 Re8 12. Be3 a6 13. Rac1 Qd6 14. Na4 Ng4 15.
Rc5 Nf6 16. Bd3 b5 17. Nc3 Bb6 18. Rxc6 Qxc6 19. Ne5 Qe6 20. Ne2 Bb7 21. Nf4 Qd6
22. Bf5 Bc8 23. Bd3 Be6 24. Qc2 Rac8 25. Qb1 h6 26. Nxe6 fxe6 27. Bg6 Rf8 28.
Bf4 Qe7 29. Rd1 Nd7 30. Bh7+ Kh8 31. Ng6+ {Black resigns} 1-0

[Event "Team 45 45 League T70"]
[Site "Internet Chess Club"]
[Date "2016.10.08"]
[Round "5"]
[White "bayoumicardio10"]
[Black "QuieroAprender"]
[Result "1-0"]
[WhiteElo "1601"]
[BlackElo "1619"]
[Opening "Scotch gambit"]
[ECO "C44"]
[Time "17:17:52"]
[TimeControl "2700+45"]

1. e4 e5 2. Nf3 Nc6 3. d4 exd4 4. Bc4 Bb4+ 5. c3 dxc3 6. bxc3 Bd6 7. O-O Be5 8.
Ng5 Nh6 9. f4 Bd6 10. Be3 O-O 11. Qh5 Qe7 12. Kh1 Bc5 13. Bxc5 Qxc5 14. Bd5 Ne7
15. Nxf7 Nxd5 16. Nxh6+ gxh6 17. exd5 c6 18. Qxh6 Qxd5 19. c4 Qd4 20. Nd2 d5 21.
Rae1 Bf5 22. Nf3 Qg7 23. Qxg7+ Kxg7 24. cxd5 cxd5 25. Re7+ Rf7 26. Rfe1 Be4 27.
Rxf7+ Kxf7 28. Ng5+ Kf6 29. Nxe4+ dxe4 30. Rxe4 Kf5 31. Re7 Kxf4 32. g3+ Kf3 33.
Rxb7 h5 34. Rf7+ Kg4 35. Kg2 a5 36. h4 {Black resigns} 1-0

[Event "Team 45 45 League T70"]
[Site "Internet Chess Club"]
[Date "2016.10.05"]
[Round "5"]
[White "Innes"]
[Black "Megasus"]
[Result "1-0"]
[WhiteElo "1587"]
[BlackElo "1494"]
[Opening "Sicilian: Smith-Morra gambit"]
[ECO "B21"]
[Time "17:00:33"]
[TimeControl "2700+45"]

1. e4 c5 2. d4 cxd4 3. c3 dxc3 4. Nxc3 Nc6 5. Nf3 a6 6. Be3 e6 7. Bd3 h6 8. O-O
Nf6 9. h3 Qc7 10. Rc1 Qb8 11. Na4 b5 12. Nb6 Bb7 13. Nxa8 Bxa8 14. Bc5 d6 15.
Be3 Be7 16. a3 O-O 17. Qd2 Nh7 18. h4 e5 19. Rc2 Bf6 20. Rfc1 Rc8 21. g4 Qc7 22.
g5 hxg5 23. hxg5 Be7 24. Nh4 Qd7 25. Nf5 Bb7 26. f4 exf4 27. Bxf4 Qe6 28. Qg2
Bf8 29. Qg3 Ne5 30. Bxe5 dxe5 31. Rxc8 Bxc8 32. Rc2 Bd7 33. b4 Qg6 34. Rg2 Be6
35. Qxe5 Nxg5 36. Qb8 Bxf5 37. exf5 Qf6 38. Qg3 Qd4+ 39. Kh1 f6 40. Bc2 Bd6 41.
Bb3+ Kf8 42. Qe1 Qh4+ 43. Qxh4 {Black resigns} 1-0

[Event "Team 45 45 League T70"]
[Site "Internet Chess Club"]
[Date "2016.10.08"]
[Round "5"]
[White "Bizzy-Ketty"]
[Black "kabindra"]
[Result "0-1"]
[WhiteElo "1586"]
[BlackElo "1755"]
[Opening "Vienna game"]
[ECO "C25"]
[Time "12:05:19"]
[TimeControl "2700+45"]

1. e4 e5 2. Nc3 Bc5 3. Bc4 Nf6 4. d3 h6 5. f4 d6 6. Nf3 Nc6 7. h3 O-O 8. Bd2 Nh5
9. Ne2 Nd4 10. Nexd4 Bxd4 11. c3 Bb6 12. f5 Nf4 13. Bxf4 exf4 14. Nd4 Qh4+ 15.
Kf1 c6 16. Qe1 Qf6 17. Qf2 d5 18. exd5 cxd5 19. Bxd5 Bxf5 20. Be4 Bxe4 21. dxe4
Rfe8 22. Re1 Rad8 23. h4 Bxd4 24. cxd4 Rxd4 25. e5 Rxe5 26. Rc1 Red5 27. Qe2 Qd8
28. Re1 Rd1 29. Rh3 R5d2 30. Qe4 Rxe1+ 31. Kxe1 Rd1+ 32. Kf2 Qd2+ 33. Qe2 Qd4+
34. Kf3 Rd3+ 35. Kg4 f3+ {White resigns} 0-1

[Event "Team 45 45 League T70"]
[Site "Internet Chess Club"]
[Date "2016.10.11"]
[Round "5"]
[White "Heian"]
[Black "moodle"]
[Result "1-0"]
[WhiteElo "1659"]
[BlackElo "1546"]
[Opening "Scandinavian (center counter) defense"]
[ECO "B01"]
[Time "19:43:40"]
[TimeControl "2700+45"]

1. e4 d5 2. Nc3 d4 3. Nce2 e5 4. Ng3 Nf6 5. Bc4 Be7 6. a3 b6 7. d3 Bb7 8. Nh3
O-O 9. Ng5 Nc6 10. h4 Bc8 11. Nh5 h6 12. Nxf6+ Bxf6 13. Qh5 Qe7 14. Qg6 Bxg5 15.
hxg5 Be6 16. Bxe6 Qxe6 17. Qxe6 fxe6 18. gxh6 Rfe8 19. hxg7 Kxg7 20. Bh6+ Kg6
21. O-O-O Rh8 22. Bd2 Raf8 23. f3 Rfg8 24. Rdg1 Kf6 25. Rxh8 Rxh8 26. Kd1 Ne7
27. Ke2 Ng6 28. Kf2 Nf4 29. Bxf4 exf4 30. a4 Rh5 31. b3 Ke7 32. Re1 Kd6 33. Ke2
Rh2 34. Kf2 Rh5 35. Rg1 Kc5 36. g4 Rh2+ 37. Rg2 Rh6 38. Kg1 Rg6 39. Kh2 e5 40.
g5 Kd6 41. Kh3 Ke6 42. Kg4 Rg7 43. Rh2 Kf7 44. Kf5 Ke7 45. g6 Rg8 46. Rh7+ Kd6
47. g7 Ke7 48. Kg6 a5 49. Rh8 Rxg7+ 50. Kxg7 Kd6 51. Kf6 c6 52. Rd8+ {Black
resigns} 1-0

[Event "Team 45 45 League T70"]
[Site "Internet Chess Club"]
[Date "2016.10.10"]
[Round "5"]
[White "MasterD"]
[Black "Andaluz"]
[Result "1-0"]
[WhiteElo "1520"]
[BlackElo "1383"]
[Opening "Caro-Kann defense"]
[ECO "B15"]
[Time "15:31:11"]
[TimeControl "2700+45"]

1. e4 c6 2. d4 d5 3. Nc3 e6 4. e5 Bb4 5. Nf3 Ne7 6. Be2 Nf5 7. O-O O-O 8. Bg5
Be7 9. Bxe7 Qxe7 10. Qd2 Nd7 11. Rad1 Nh4 12. Qf4 Nxf3+ 13. Bxf3 Nb6 14. Rfe1
Nc4 15. b3 Na3 16. Rd2 Qb4 17. Ne2 Nb5 18. Ng3 Nc3 19. Qg5 Re8 20. Nh5 Qf8 21.
Nf6+ Kh8 22. Nxe8 Qxe8 23. Bh5 Nxa2 24. Re3 Bd7 25. Rf3 g6 26. Qf6+ Kg8 27. Bg4
Nb4 28. c3 Na6 29. Rdd3 Nc7 30. Rh3 Qf8 31. Rxh7 Kxh7 32. Rh3+ {Black resigns}
1-0

[Event "Team 45 45 League T70"]
[Site "Internet Chess Club"]
[Date "2016.10.09"]
[Round "5"]
[White "nosir"]
[Black "kutch"]
[Result "1/2-1/2"]
[WhiteElo "1540"]
[BlackElo "1473"]
[Opening "Queen's pawn game"]
[ECO "D02"]
[Time "20:30:47"]
[TimeControl "2700+45"]

1. d4 d5 2. Nf3 c6 3. Bg5 h6 4. Bf4 Nf6 5. c3 e6 6. Nbd2 Bd6 7. Bxd6 Qxd6 8. e3
Nbd7 9. Bd3 b6 10. O-O Bb7 11. e4 dxe4 12. Nxe4 Nxe4 13. Bxe4 f5 14. Bd3 O-O-O
15. Qa4 Kb8 16. Ba6 g5 17. Bxb7 Kxb7 18. Rfe1 g4 19. Ne5 Nxe5 20. Rxe5 h5 21.
Rae1 Rh6 22. Qb3 Re8 23. Rxf5 h4 24. Rf7+ Re7 25. Rxe7+ Qxe7 26. d5 cxd5 27.
Qxd5+ Ka6 28. Qd3+ Kb7 29. Rd1 Rh7 30. Qe4+ Ka6 31. Qxg4 h3 32. Qe2+ Kb7 33. Rd3
Qg5 34. g3 Re7 35. Qe4+ Ka6 36. f4 Qb5 37. b3 Qc5+ 38. Qd4 Qc6 39. Rd2 Rc7 40.
c4 Qf3 41. Qd3 Qc6 42. Qd6 Qf3 43. Qxc7 Qe3+ 44. Rf2 {Game drawn by mutual
agreement} 1/2-1/2

[Event "Team 45 45 League T70"]
[Site "Internet Chess Club"]
[Date "2016.10.05"]
[Round "5"]
[White "Aquaman"]
[Black "Kingofknights"]
[Result "0-1"]
[WhiteElo "1346"]
[BlackElo "1487"]
[Opening "Réti: King's Indian attack"]
[ECO "A08"]
[Time "20:02:05"]
[TimeControl "2700+45"]

1. Nf3 d5 2. g3 c5 3. Bg2 Nc6 4. O-O e5 5. d3 Be6 6. h3 Qd7 7. Kh2 h6 8. Nbd2
Be7 9. b3 f5 10. e3 Bf6 11. Bb2 g5 12. Ng1 O-O-O 13. a4 h5 14. f3 Nge7 15. Ne2
Rh6 16. Rh1 f4 17. exf4 gxf4 18. gxf4 exf4 19. Bxf6 Rxf6 20. Nc1 Nf5 21. Nf1 Rg8
22. Rg1 Qg7 23. Qd2 Rg6 24. Qf2 Qxa1 25. Ne2 Qe5 26. c3 Ne3 27. Nxe3 fxe3+
{White resigns} 0-1